 Dungeon Crawl Stone Soup version 0.27-a0-1378-gdefffd1ff6 (webtiles) character file.

Game seed: 16103784036886818647

3885 TimmyIs the Martial Artist (level 10, 0/74 HPs)
             Began as a Purple Draconian Transmuter on June 29, 2021.
             Was a Believer of Nemelex Xobeh.
             Slain by a two-headed ogre (26 damage)
             ... on level 8 of the Dungeon.
             The game lasted 00:20:52 (9844 turns).

TimmyIs the Martial Artist (DrTm)                   Turns: 9844, Time: 00:20:52

Health: 0/74       AC:  2    Str: 13    XL:     10   Next: 0%
Magic:  14/18      EV: 21    Int: 13    God:    Nemelex Xobeh [**....]
Gold:   371        SH:  0    Dex: 20    Spells: 10/20 levels left

rFire    . . .     SeeInvis .     - Unarmed
rCold    . . .     Faith    .   (shield currently unavailable)
rNeg     + . .     Spirit   .   (armour unavailable)
rPois    x         Reflect  .   (helmet currently unavailable)
rElec    .         Harm     .   (cloak currently unavailable)
rCorr    .         Rampage  .   (gloves currently unavailable)
Will     +....                  (boots currently unavailable)
Stlth    +++.......             (no amulet)
HPRegen  0.22/turn              s - ring of positive energy
MPRegen  0.16/turn              (no ring)

@: spider-form (expiring), wereblooded
A: venomous fangs, (breathe power), AC +7, tiny, unfitting armour,
(cold-blooded)
a: End Transformation, Renounce Religion, Draw Escape, Draw Destruction, Draw
Summoning


You were on level 8 of the Dungeon.
You worshipped Nemelex Xobeh.
Nemelex Xobeh was pleased with you.
You were a venomous arachnid creature.
You visited 2 branches of the dungeon, and saw 9 of its levels.

You collected 371 gold pieces.

Inventory:

Hand Weapons
 r - the +8 dagger of the Establishment {flame, Will+ Str-2 Int+4 Stlth+}
   (You found it on level 4 of the Dungeon)

   It has been specially enchanted to burn those struck by it, causing extra
   injury to most foes and up to half again as much damage against particularly
   susceptible opponents.
   Str:       It affects your strength (-2).
   Int:       It affects your intelligence (+4).
   Will:      It increases your willpower.
   Stlth:     It makes you more stealthy.
Missiles
 z - a curare-tipped dart
Armour
 g - a scarf of harm
 j - a +0 cloak (melded)
Jewellery
 f - a ring of fire
 h - an amulet of faith
 s - a ring of positive energy (left front leg)
Wands
 d - a wand of acid (9)
 t - a wand of flame (2) (quivered)
 y - a wand of iceblast (6)
Scrolls
 a - 4 scrolls of fog {unknown}
 b - 7 scrolls of identify
 e - a scroll of enchant weapon {unknown}
 i - a scroll of summoning {unknown}
 k - a scroll of vulnerability {unknown}
 l - 5 scrolls of teleportation {unknown}
 m - a scroll of amnesia {unknown}
 n - a scroll of immolation {unknown}
 p - 3 scrolls of silence {unknown}
 v - a scroll of enchant armour {unknown}
 w - a scroll of brand weapon {unknown}
 x - a scroll of magic mapping {unknown}
Potions
 c - 2 potions of attraction {unknown}
 o - a potion of haste {unknown}
 q - a potion of cancellation {unknown}
 u - 2 potions of flight {unknown}


   Skills:
 + Level 2.3 Fighting
 + Level 3.6 Dodging
 + Level 2.7 Stealth
 * Level 10.6 Unarmed Combat
 + Level 5.6 Spellcasting
 * Level 7.1 Transmutations
 + Level 2.4 Poison Magic
 + Level 0.2 Evocations


You had 10 spell levels left.
You knew the following spells:

 Your Spells              Type           Power      Damage    Failure   Level
a - Beastly Appendage     Tmut           44%        N/A       4%          1
b - Spider Form           Tmut/Pois      8%         N/A       21%         3
c - Wereblood             Tmut           22%        N/A       6%          2
d - Petrify               Tmut/Erth      12%        N/A       61%         4

Your spell library contained the following spells:

 Spells                   Type           Power      Damage    Failure   Level
 Animate Skeleton         Necr           6%         N/A       36%         1
 Pain                     Necr           12%        1d4       36%         1
 Summon Small Mammal      Summ           12%        N/A       36%         1
 Call Imp                 Summ           3%         N/A       47%         2
 Ice Form                 Ice/Tmut       12%        N/A       61%         4
 Call Canine Familiar     Summ           3%         N/A       67%         3
 Confusing Touch          Hex            3%         N/A       67%         3
 Gell's Gravitas          Tloc           1%         N/A       67%         3
 Summon Guardian Golem    Hex/Summ       3%         N/A       67%         3
 Vampiric Draining        Necr           1%         2d6       67%         3
 Yara's Violent Unravell  Hex/Tmut       6%         3d5       89%         5
 Animate Dead             Necr           1%         N/A       95%         4
 Summon Ice Beast         Ice/Summ       3%         N/A       95%         4
 Summon Lightning Spire   Summ/Air       3%         N/A       95%         4
 Agony                    Necr           3%         N/A       100%        5
 Metabolic Englaciation   Hex/Ice        1%         N/A       100%        5


Dungeon Overview and Level Annotations

Branches:
Dungeon (8/15)             Temple (1/1) D:6            Lair (0/6) D:8

Altars:
Ashenzari
Cheibriados
Dithmenos
Gozag
Kikubaaqudgha
Nemelex Xobeh
Okawaru
Qazlal
Ru
Wu Jian
Xom
Yredelemnul
The Shining One

Shops:
D:4 (


Innate Abilities, Weirdness & Mutations

You are a venomous arachnid creature.
You have poisonous fangs.
You are tiny and dextrous.
Your spellcasting is less reliable in this form.
Your armour is entirely melded.
You are incapable of wielding weapons or throwing items.
((You can breathe bolts of dispelling energy.))
((Your rich purple scales are hard. (AC +7)))
You cannot fit into any form of body armour.
((You are cold-blooded and may be slowed by cold attacks.))


Message History

The centaur closely misses you.
Things that are here:
a +0 giant club; a +0 giant spiked club You bite the centaur!
The centaur is heavily wounded.
The centaur misses you. The centaur barely misses you.
You bite the centaur!
You feel a bit better.
You kill the centaur!
You hiss as the wereblood boils in your veins!
Your transformation is almost over.
You hear a bellow!
You bite the sky beast!
The sky beast is heavily wounded.
You hiss as the wereblood boils in your veins!
The sky beast barely misses you.
You closely miss the sky beast.
The sky beast is heavily wounded.
The sky beast completely misses you.
An orc warrior comes into view. It is wielding a +0 halberd.
You bite the sky beast!
You feel a bit better.
You kill the sky beast!
You have reached level 10!
You maul the two-headed ogre!!
The two-headed ogre is poisoned.
The two-headed ogre is moderately wounded.
The two-headed ogre closely misses you.
The two-headed ogre completely misses you.
You hit the two-headed ogre.
The two-headed ogre looks as sick as possible!
The two-headed ogre is heavily wounded.
You hit the two-headed ogre.
The two-headed ogre looks as sick as possible!
The two-headed ogre is heavily wounded.
You hiss as the wereblood boils in your veins!
The two-headed ogre hits you with a +0 giant club!!
The two-headed ogre misses you.
You bite the two-headed ogre!
The two-headed ogre is severely wounded.
The two-headed ogre hits you with a +0 giant club!!
You die...
Your body glows slightly and disappears.

#....###
#......###########
#...##..#......(..
##.####........####
#.# #.......##o.
####.## #.......#oF
......# #.......#o#
......# #.......#O#
......# #.......s#
.>....# #........#
......# ##.......#
......# ##....!#.
......# ###...[..
......# ..##.###
......# .## .#
###...## #. .#
#.#..# .


You could see a two-headed ogre (extremely poisoned), 2 orc warriors, a bullfrog
and an orc.

Vanquished Creatures
  A two-headed ogre (D:8)
  Maggie (D:6)
  A komodo dragon (D:8)
  A wyvern (D:7)
  Edmund (D:6)
  A water moccasin (D:6)
  A black bear (D:7)
  An orc warrior (D:7)
  5 sky beasts
  A necrophage (D:5)
  3 centaurs
  4 ogres
  A kobold brigand (D:7)
  A bullfrog (D:7)
  2 scorpions (D:6)
  A bullfrog zombie (D:5)
  2 centaur zombies
  An orc priest (D:7)
  3 jellies
  2 hounds
  Ijyb (D:3)
  6 iguanas
  3 orc wizards (D:7)
  2 hound skeletons
  A gnoll (D:1)
  10 adders
  2 shadow imps
  A white imp (D:6)
  2 worms
  4 dart slugs
  14 orcs
  6 endoplasms
  5 giant cockroaches
  5 goblins
  8 hobgoblins
  9 jackals
  7 quokkas
  8 ball pythons
  8 bats
  4 frilled lizards
  9 kobolds
  8 rats
157 creatures vanquished.

Vanquished Creatures (others)
  2 plants (D:8)
2 creatures vanquished.

Grand Total: 159 creatures vanquished

Notes
Turn   | Place    | Note
-------+----------+-------------------------------------------
     0 | D:1      | TimmyIs the Draconian Transmuter began the quest for the
                  | Orb.
     0 | D:1      | Reached XP level 1. HP: 16/16 MP: 3/3
   269 | D:1      | Reached XP level 2. HP: 23/23 MP: 3/5
   551 | D:1      | Reached skill level 4 in Unarmed Combat
   611 | D:1      | Reached XP level 3. HP: 28/28 MP: 4/6
   842 | D:1      | Learned a level 3 spell: Spider Form
  1208 | D:1      | Found a faded altar of an unknown god.
  1615 | D:2      | Reached XP level 4. HP: 35/35 MP: 5/7
  1726 | D:2      | Learned a level 2 spell: Wereblood
  2242 | D:3      | Noticed Ijyb
  2316 | D:3      | Killed Ijyb
  2317 | D:3      | Reached skill level 5 in Unarmed Combat
  2698 | D:3      | Reached XP level 5. HP: 40/40 MP: 6/8
  2889 | D:3      | Found an iron altar of Okawaru.
  3597 | D:4      | Found an opulent altar of Gozag.
  3911 | D:4      | Noticed an ogre
  3921 | D:4      | Killed an ogre
  3922 | D:4      | Reached skill level 1 in Stealth
  3922 | D:4      | Reached XP level 6. HP: 32/47 MP: 6/9
  4257 | D:4      | Found Lualar's Antique Weapon Boutique.
  4550 | D:4      | Noticed a sky beast
  4562 | D:4      | Killed a sky beast
  4568 | D:4      | Reached skill level 6 in Unarmed Combat
  4568 | D:4      | Your scales start taking on a rich purple colour.
  4568 | D:4      | Reached XP level 7. HP: 52/52 MP: 8/12
  4739 | D:4      | Identified the +8 dagger of the Establishment {flame, Will+
                  | Str-2 Int+4 Stlth+}
  4795 | D:5      | Entered Level 5 of the Dungeon
  5467 | D:5      | Found a sparkling altar of Nemelex Xobeh.
  5556 | D:5      | Became a worshipper of Nemelex Xobeh the Trickster
  5684 | D:5      | Found a stormy altar of Qazlal.
  5721 | D:5      | Reached skill level 5 in Transmutations
  5775 | D:5      | Found a broken altar of Ashenzari.
  5943 | D:5      | Found an ornate altar of the Wu Jian Council.
  5963 | D:6      | Found a snail-covered altar of Cheibriados.
  6078 | D:6      | Reached skill level 7 in Unarmed Combat
  6387 | D:6      | Reached * piety under Nemelex Xobeh
  6403 | D:6      | Reached XP level 8. HP: 47/59 MP: 9/14
  6920 | D:6      | Noticed Edmund
  6935 | D:6      | Killed Edmund
  7110 | D:6      | Received a gift from Nemelex Xobeh
  7114 | D:6      | Noticed Maggie
  7118 | D:6      | Reached skill level 8 in Unarmed Combat
  7118 | D:6      | Reached skill level 1 in Poison Magic
  7119 | D:6      | Found a staircase to the Ecumenical Temple.
  7131 | D:6      | Killed Maggie
  7442 | Temple   | Entered the Ecumenical Temple
  7845 | D:6      | Reached skill level 9 in Unarmed Combat
  7845 | D:6      | Reached XP level 9. HP: 65/67 MP: 10/16
  8635 | D:7      | Found an ancient bone altar of Kikubaaqudgha.
  8645 | D:7      | Reached skill level 5 in Spellcasting
  9088 | D:7      | Reached ** piety under Nemelex Xobeh
  9090 | D:7      | Found a glowing golden altar of the Shining One.
  9316 | D:7      | Found a sacrificial altar of Ru.
  9503 | D:7      | Learned a level 4 spell: Petrify
  9607 | D:8      | Found a staircase to the Lair.
  9608 | D:8      | Noticed a komodo dragon
  9638 | D:8      | Killed a komodo dragon
  9825 | D:8      | Noticed a two-headed ogre
  9834 | D:8      | Killed a two-headed ogre
  9835 | D:8      | Reached skill level 10 in Unarmed Combat
  9835 | D:8      | Noticed a two-headed ogre
  9841 | D:8      | Reached XP level 10. HP: 44/74 MP: 13/18
  9844 | D:8      | Slain by a two-headed ogre

Illustrated notes

Levels and vault maps discovered:
D:1:      amcnicky_arrival_single_pillar, layout_loops_corners,
          shapermc_ecumenical_altar_hornbeckon
D:2:      layout_loops_ring
D:3:      wad_crossroads, layout_basic, okawaru_ov_weapons_minmay,
          serial_corexii_hall, corexii_hall_statues_deadend,
          chequers_hall_statues_wall_a, chequers_hall_statues_corner_a,
          chequers_hall_statues_wall_a, uniq_crazy_yiuf_cottage, uniq_ijyb
D:4:      layout_gridville, grunt_gozag_breadcrumbs, serial_shops,
          nicolae_shop_behind_doors
D:5:      layout_rooms, nicolae_wu_jian_glorious_leap,
          nicolae_qazlal_general_emergency, lemuel_crystal_altar,
          nemelex_spade_bored_becter, columned_hall_lemuel
D:6:      layout_loops_corners, kennysheep_slug_shrine,
          minmay_temple_entry_tees, uniq_edmund, uniq_maggie
D:7:      layout_loops_ring, nicolae_ru_great_annihilating_truth,
          kiku_gazebo_garden_becter, nicolae_overflow_crystal_walls
D:8:      layout_rooms, david_lair_shrubbed, hex_tiny, minmay_alternating_orb,
          uniq_erica
Temple:   dpeg_three_leaves_temple

Skill      XL: |  1  2  3  4  5  6  7  8  9 |
---------------+----------------------------+-----
Unarmed Combat | 4 5 6 7 9 10 | 10.6
Dodging        | 2 3 |  3.6
Transmutations | 3 4 5 7 |  7.1
Stealth        | 1 2 |  2.7
Spellcasting   | 3 4 5 |  5.6
Poison Magic   | 1 2 |  2.4
Fighting       | 2 |  2.3
Evocations     | |  0.2

Action                   |  1- 3 |  4- 6 |  7- 9 | 10-12 || total
-------------------------+-------+-------+-------+-------++-------
Melee: Unarmed           |   109 |   198 |   264 |     4 ||   575
       Kick              |    24 |    33 |     8 |       ||    65
       Headbutt          |    12 |    17 |     8 |       ||    37
       Tailslap          |     7 |    14 |     8 |       ||    29
 Cast: Beastly Appendage |    29 |    34 |    10 |       ||    73
       Wereblood         |       |    15 |    16 |       ||    31
       Spider Form       |       |       |    28 |       ||    28
 Abil: Breathe Dispellin |       |       |     1 |       ||     1
Evoke: Wand              |       |       |     3 |       ||     3
  Use: Scroll            |       |     1 |       |       ||     1
       Potion            |       |       |     2 |       ||     2
 Stab: Sleeping          |       |     1 |     1 |       ||     2
       Invisible         |       |       |     1 |       ||     1
Armor: Skin              |    39 |    71 |    39 |       ||   149
Dodge: Dodged            |    66 |   148 |   183 |     3 ||   400

Table legend: (Time is in decaauts)
 A = Elapsed time spent in this place.
 B = Non-inter-level travel time spent in this place.
 C = Inter-level travel time spent in this place.
 D = Time resting spent in this place.
 E = Time spent auto-exploring this place.
 F = Levels seen in this place.
 G = Mean time per level.
                   A        B        C        D        E       F      G
               +--------+--------+--------+--------+--------+-----+--------+
         Total |   9793 |   9578 |    215 |      0 |   8054 |   9 | 1088.1 |
       Dungeon |   9789 |   9574 |    215 |      0 |   8053 |   8 | 1223.6 |
        Temple |      4 |      4 |      0 |      0 |      1 |   1 |    4.0 |
               +--------+--------+--------+--------+--------+-----+--------+

Top non-repeatable levels by time:
     D:6: 2212 daAuts
     D:3: 1504 daAuts
     D:4: 1434 daAuts
     D:7: 1388 daAuts
     D:1: 1238 daAuts
     D:5: 1026 daAuts
     D:2: 736 daAuts
     D:8: 247 daAuts
  Temple: 4 daAuts
